[Event "1st Kallai Gabor Memorial Blitz 2022"]
[Site "Budapest"]
[Date "2022.12.01"]
[Round "7.2"]
[White "Berkes, Ferenc"]
[Black "Horvath, Csaba"]
[Result "1-0"]
[ECO "A57"]
[WhiteElo "2643"]
[BlackElo "2502"]
[Annotator "TA"]
[PlyCount "73"]
[EventDate "2022.12.01"]
[EventType "blitz"]
[EventCountry "HUN"]
[SourceTitle "playchess.com"]
[Source "ChessBase"]
[SourceQuality "1"]
[TimeControl "300+3"]

1. d4 Nf6 2. c4 c5 3. d5 b5 4. cxb5 a6 5. e3 e6 6. Nc3 exd5 7. Nh3 $5 {[%emt 0:00:15][%cal Bg1h3,Bh3f4,Bf4d5][%mdl 4] Leaves trodden paths. A57: Benko/Volga Gambit.} Bb7 8. Nf4 Bd6 {[%emt 0:00:19] [#] Strongly threatening ...Bxf4.} 9. Nfxd5 $146 {[%emt 0:00:05] White is slightly better.} (9. Ncxd5 axb5 10. Nxf6+ Qxf6 $11) ({Predecessor:} 9. Ncxd5 Nxd5 10. Nxd5 axb5 11. g3 O-O 12. Bg2 Na6 13. O-O Bc6 14. b3 Be5 15. Rb1 {½-½ (48) Klukin,K (2346)-Remecki,S (2322) Novi Sad 2021}) 9... O-O 10. bxa6 (10. Bc4 $5 ) 10... Nxa6 11. Bc4 Be5 12. O-O Nc7 13. e4 ({White should try} 13. a4 $14) 13... Bxc3 (13... Nfxd5 $11 {remains equal.} 14. Bxd5 Nxd5 15. Nxd5 d6) 14. bxc3 (14. Nxc3 $16 {And now Bg5 would win.} Nxe4 15. Nxe4 Bxe4 16. Qd6) 14... Nxe4 $11 {[%emt 0:00:04] ...Bxd5 is the strong threat.} 15. Nb6 d5 16. Nxa8 $16 {[%emt 0:00:06] White stays focused until the end.} Qxa8 17. Bd3 Nxc3 {[%emt 0:00:07] [#]} (17... Ba6 $16) 18. Qh5 $1 $18 Ne4 19. Bxe4 dxe4 20. Be3 Ne6 21. Qe5 {[%emt 0:00:15] Against f5} (21. Bxc5 Qa5 $11) 21... Re8 22. Rfd1 (22. Bxc5 $6 Nxc5 23. Qxc5 e3 $16) 22... f6 23. Qc3 f5 24. g3 {[%emt 0:01:09][%cal Bg2g3,Bg3f4][%mdl 32] Inhibits f4.} (24. Bxc5 $6 e3 $16) 24... f4 (24... Bc8 $142 25. Rd6 (25. Bxc5 Ng5 $16) 25... Qa7) 25. gxf4 ({Stronger than} 25. Bxc5 e3 26. fxe3 Qa4 $15) (25. Bxf4 Nxf4 26. gxf4 Qc8 $18) 25... Nd4 (25... Bc8 $142 26. Rd6 (26. Bxc5 Nxf4 27. Qa3 Nh3+ 28. Kg2 Qc6 $14) 26... Qb8) 26. Qxc5 Nf3+ 27. Kh1 Qa6 (27... Qc8 $142 28. Qxc8 Bxc8) 28. Qh5 g6 29. Qc5 {[%emt 0:00:06] Black must now prevent Rd6.} Qf6 (29... Qe6 {keeps fighting.}) 30. Qc4+ Kg7 31. Rd7+ Re7 32. Rxe7+ Qxe7 33. Rc1 {[%emt 0:00:06] aiming for Qc7.} Qh4 34. Qc7+ Kh6 35. f5+ (35. Qxb7 $2 Qxh2#) 35... g5 36. Qg3 (36. Qxb7 $2 Qxh2#) (36. Rd1 $142 Qxh2+ 37. Qxh2+ Nxh2 38. Kxh2) 36... Qh5 37. Qd6+ {[%emt 0:00:01] Weighted Error Value: White=0.22 (precise) /Black=0.62} 1-0

[Event "1st Kallai Gabor Memorial Blitz 2022"]
[Site "Budapest"]
[Date "2022.12.01"]
[Round "7.3"]
[White "Ruck, Robert"]
[Black "Troff, Kayden"]
[Result "1/2-1/2"]
[ECO "A05"]
[WhiteElo "2537"]
[BlackElo "2483"]
[Annotator "TA"]
[PlyCount "66"]
[EventDate "2022.12.01"]
[EventType "blitz"]
[EventCountry "HUN"]
[SourceTitle "playchess.com"]
[Source "ChessBase"]
[SourceQuality "1"]
[TimeControl "300+3"]

1. Nf3 Nf6 2. c4 g6 3. Nc3 Bg7 4. g3 d5 5. cxd5 Nxd5 6. Bg2 O-O 7. O-O e5 8. d4 exd4 9. Nxd4 Nxc3 10. bxc3 c6 11. Rb1 {[%emt 0:00:07] A16: English Opening: 1...Nf6 with ...d5.} Nd7 {[%emt 0:00:04] [#]} 12. Ba3 $146 ({Predecessor:} 12. Qc2 Qe7 13. e4 Nb6 14. Bb2 Nc4 15. Rfe1 c5 16. Ne2 Nxb2 17. Qxb2 b6 18. Nf4 {½-½ (35) Egger,T (2255)-Rosino,A (2320) Roncegno 1989}) 12... Re8 $1 13. Qb3 Nb6 ({But not} 13... c5 14. Nb5 $14) 14. Rfd1 Qf6 15. Bc5 Be6 (15... Bg4 $11) 16. Nxe6 $14 Qxe6 17. e3 (17. Bf3 {simplifies} h5 18. Kg2 h4 19. Qxe6 Rxe6 20. Bd4) 17... Qf5 (17... Bf8 {simplifies} 18. Bxb6 axb6 19. Qxe6 Rxe6 20. Rxb6 Rxa2 21. Rxb7 Rf6) 18. Bd4 Bf8 19. Rd2 (19. c4 $16) 19... c5 $11 20. e4 Qe6 $132 {[%emt 0:00:01][%mdl 2048] Black is not holding back} 21. Be3 Nc4 22. Rd3 b5 23. Rbd1 ({Don't play} 23. Qxb5 Na3 24. Qb7 Nxb1 25. Qxb1 Rab8 $15) 23... Nxe3 24. Rxe3 Qxb3 25. axb3 Bg7 26. e5 Rad8 27. Rxd8 (27. Rde1 $5 ) 27... Rxd8 {[%emt 0:00:01][%mdl 4096] Endgame KRB-KRB} 28. Bc6 b4 29. cxb4 cxb4 30. Bb5 Bf8 31. Bc4 Kg7 32. Kg2 Bc5 33. Rd3 (33. Rf3 $5 Rd7 34. Rf6 $14) 33... Rxd3 {[%emt 0:00:06] Weighted Error Value: White=0.14 (very precise) /Black=0.14 (very precise)} 1/2-1/2

[Event "1st Kallai Gabor Memorial Blitz 2022"]
[Site "Budapest"]
[Date "2022.12.01"]
[Round "7.4"]
[White "Motylev, Alexander"]
[Black "Borhy, Marcell"]
[Result "1-0"]
[ECO "B52"]
[WhiteElo "2628"]
[BlackElo "2407"]
[Annotator "TA"]
[PlyCount "169"]
[EventDate "2022.12.01"]
[EventType "blitz"]
[EventCountry "HUN"]
[SourceTitle "playchess.com"]
[Source "ChessBase"]
[SourceQuality "1"]
[TimeControl "300+3"]

1. e4 c5 2. Nf3 d6 3. Bb5+ Bd7 4. Bxd7+ Qxd7 5. O-O Nf6 6. Qe2 Nc6 7. c3 e5 8. d4 {[%emt 0:00:04] B52: Sicilian: Moscow Variation with 3...Bd7.} Be7 (8... cxd4 $11 9. cxd4 Nxd4 10. Nxd4 exd4) 9. Rd1 ({White should try} 9. d5 $16) 9... cxd4 10. cxd4 {[%emt 0:00:01] White is slightly better.} exd4 11. Nxd4 Nxd4 12. Rxd4 O-O 13. Nc3 Rfe8 14. Bf4 Qc6 15. Rad1 Rad8 16. Qb5 {[%emt 0:00:11] [#]} (16. Qd3 $16) 16... Qc7 $146 (16... d5 $1 $11 {keeps the balance.}) ({Predecessor:} 16... d5 17. exd5 Qxb5 18. Nxb5 Bc5 19. R4d3 Rxd5 20. Kf1 Rf5 21. Bg3 Ne4 22. Nd4 Nxg3+ 23. hxg3 {0-1 (48) Randazzo,A (2293)-Derraugh,G (2169) Chess.com INT 2020}) 17. h3 h6 18. Qd3 {[%emt 0:00:22] White has more active pieces.} a6 19. a3 (19. Bxd6 $6 Bxd6 20. Rxd6 Rxd6 21. Qxd6 Qxd6 22. Rxd6 Nxe4 23. Nxe4 Rxe4 $11) 19... Qc6 20. Kf1 ({Resist} 20. Bxd6 $6 Rxd6 21. Rxd6 Bxd6 22. Qxd6 Qxd6 23. Rxd6 Nxe4 24. Nxe4 Rxe4 $11) 20... Bf8 21. e5 (21. f3 $16) 21... Nd7 $14 22. exd6 Nc5 $1 23. Qc4 {[%emt 0:00:19][%cal Od6d7] Strongly threatening d7!} Ne6 {[%emt 0:00:02] Prevents d7.} 24. Qxc6 bxc6 25. Rc4 {[%emt 0:00:40] [#] aiming for Bh2.} Nxf4 26. Rxf4 Rxd6 27. Ra4 Rb8 28. Rxd6 Bxd6 $16 {[%emt 0:00:02][%mdl 4096] Endgame KRB-KRN} 29. Ne4 Bf8 30. b4 f5 31. Ng3 c5 32. Nxf5 cxb4 33. axb4 (33. Rxa6 b3 34. Re6 b2 $19) 33... Rb6 34. Ne3 Rxb4 35. Rxa6 Bc5 36. Ke2 Rb2+ 37. Kf3 Rb3 38. Rc6 Bxe3 39. fxe3 $14 {[%emt 0:00:02] KR-KR} Kf7 40. h4 h5 41. Kf4 g6 42. e4 Rb5 43. Rd6 Ra5 44. g3 Rb5 45. Rd5 Rb3 46. Rd7+ Ke6 47. Rg7 {[%emt 0:00:02] Prevents g5+.} Kf6 48. Ra7 Ke6 49. Ra1 Rc3 50. Rf1 Rb3 51. Rf3 Rb5 52. Ra3 Kf6 53. Ra6+ Kf7 54. Rd6 Ra5 55. e5 (55. Rb6 $14) 55... Ra4+ $11 56. Ke3 Rg4 57. Rf6+ Kg7 58. Kf3 Ra4 59. Rf4 Ra3+ 60. Kf2 Ra5 61. Re4 Kf7 62. Kf3 Ke6 63. Kf4 Ra3 64. Rb4 Rc3 65. Rb6+ Kf7 66. Rf6+ Kg7 67. Rd6 Rc4+ 68. Ke3 Kf7 69. Rf6+ Kg7 $1 70. Kd3 Ra4 71. Rf3 Rb4 72. Ke3 Ra4 73. Rf2 Ra3+ 74. Kf4 Ra4+ 75. Ke3 Ra3+ 76. Ke4 Rxg3 77. e6 Rg1 78. Ke5 Re1+ 79. Kd6 {[%emt 0:00:01] [#] And now Rf7+ would win.} Rd1+ 80. Kc6 {[%emt 0:00:02] Rf7+ is the strong threat.} Re1 81. Kd7 Rd1+ 82. Ke8 {[%emt 0:00:01] Black must now prevent Rf7+.} Re1 83. e7 Kh6 $2 (83... g5 $11) 84. Kf7 $18 g5 85. Rf6+ {[%emt 0:00:01] Weighted Error Value: White=0.10 (very precise) /Black=0.09 (flawless)} ({And not} 85. e8=B gxh4 86. Bd7 h3 $14) 1-0

[Event "1st Kallai Gabor Memorial Blitz 2022"]
[Site "Budapest"]
[Date "2022.12.01"]
[Round "7.5"]
[White "Bjerre, Jonas Buhl"]
[Black "Gaal, Zsoka"]
[Result "1-0"]
[ECO "B04"]
[WhiteElo "2622"]
[BlackElo "2286"]
[Annotator "TA"]
[PlyCount "65"]
[EventDate "2022.12.01"]
[EventType "blitz"]
[EventCountry "HUN"]
[SourceTitle "playchess.com"]
[Source "ChessBase"]
[SourceQuality "1"]
[TimeControl "300+3"]

1. e4 Nf6 2. e5 Nd5 3. d4 d6 4. Nf3 g6 5. Bc4 c6 6. O-O Bg7 7. exd6 Qxd6 8. h3 O-O 9. Re1 Nd7 {[%emt 0:00:38] B04: Alekhine's Defence: 4 Nf3.} 10. Bg5 $5 {[%cal Bc1g5,Bg5h4,Bh4g3][%mdl 4] [#] A promising side line.} N7f6 $146 ({Predecessor:} 10... e6 11. Nbd2 b5 12. Bf1 c5 13. c4 bxc4 14. Nxc4 Qc7 15. Rc1 Bb7 16. Bh4 cxd4 17. Bg3 {1-0 (62) Narayanan,S (2618)-Xiong,J (2709) Chess.com INT 2021}) 11. Nbd2 h6 {[%emt 0:00:09] [#] White is slightly better.} 12. Bh4 Bf5 13. Bg3 Qd8 14. Bb3 b5 15. Ne5 Qb6 (15... e6 $14) 16. c4 $16 Nb4 17. Qf3 (17. Qe2 $16) 17... Qxd4 $11 18. Rad1 {[%emt 0:00:05] Strongly threatening cxb5.} Qxb2 ({Black should play} 18... Rac8 $14) 19. cxb5 $16 {Hoping for Ndc4.} (19. Nxc6 $6 Nxc6 20. Qxc6 Rfc8 21. Qxb5 Nh5 $11) 19... Nc2 {[#]} 20. Ndc4 $1 Nxe1 21. Rxe1 Qd4 22. Nxc6 {[%emt 0:00:03][%mdl 64] Discovered Attack, Double Attack} (22. Qxc6 Rac8 23. Qb7 Nh5 $17) 22... Qc5 {[%emt 0:00:08][%mdl 8192] Black cannot hold the game after this.} (22... Qd3 $16) 23. Re5 $18 {[%emt 0:00:31][%cal Be1e5,Be5c5,Bc5c7,Bc7a7][%mdl 96] Trapped Piece. White is clearly winning.} ({Not} 23. Rxe7 Be6 $16) (23. Nxe7+ Kh8 24. Nd6 Kh7 25. Nexf5 (25. Nxf7 Qb4 $18) 25... gxf5 $18) 23... Be4 {[%emt 0:00:51] And now ...Qxe5 would win.} 24. Rxc5 Bxf3 25. Nxe7+ {[%emt 0:00:08] Pair of Knights!} ({Less strong is} 25. gxf3 Rfe8 26. a4 Bf8 $18) 25... Kh7 26. gxf3 Rfe8 (26... Rfd8 $142 27. Nc6 Bf8 28. Nxd8 Bxc5 29. Nxf7 Nd7) 27. Rc7 Nh5 28. Bd6 Rad8 29. Rxa7 Bd4 30. Rc7 Nf6 31. Nc6 Rc8 32. Rxc8 Rxc8 33. Nxd4 {[%emt 0:00:01] Weighted Error Value: White=0.12 (very precise) /Black=0.46} 1-0

[Event "1st Kallai Gabor Memorial Blitz 2022"]
[Site "Budapest"]
[Date "2022.12.01"]
[Round "8.1"]
[White "Kozak, Adam"]
[Black "Motylev, Alexander"]
[Result "1/2-1/2"]
[ECO "D45"]
[WhiteElo "2538"]
[BlackElo "2628"]
[Annotator "TA"]
[PlyCount "33"]
[EventDate "2022.12.01"]
[EventType "blitz"]
[EventCountry "HUN"]
[SourceTitle "playchess.com"]
[Source "ChessBase"]
[SourceQuality "1"]
[TimeControl "300+3"]

1. d4 d5 2. c4 c6 3. Nc3 Nf6 4. e3 e6 5. Nf3 Nbd7 6. Qc2 Bd6 7. b3 O-O 8. Be2 b6 9. O-O Bb7 10. Bb2 Re8 11. Rad1 {[%emt 0:00:21] The position is equal.} Qc7 {[%emt 0:00:01] D45: Semi-Slav: 5 e3.} 12. cxd5 {[%emt 0:00:38] [#]} cxd5 $146 ({Predecessor:} 12... exd5 13. Bd3 Re7 14. h3 Rae8 15. Nd2 Nf8 16. Qc1 b5 17. Rfe1 Ng6 18. Qb1 Qa5 19. e4 {0-1 (31) Davtyan,A (2488)-Tabatabaei,M (2645) Sharjah 2022}) 13. Qb1 a6 14. Rc1 Qb8 15. g3 b5 16. Rfd1 Ra7 17. Bf1 {[%emt 0:00:48] Not much happened in this game.   Weighted Error Value: White=0.06 (flawless) /Black=0.09 (flawless)} 1/2-1/2

[Event "1st Kallai Gabor Memorial Blitz 2022"]
[Site "Budapest"]
[Date "2022.12.01"]
[Round "8.2"]
[White "Beliavsky, Alexander G"]
[Black "Bjerre, Jonas Buhl"]
[Result "0-1"]
[ECO "D37"]
[WhiteElo "2487"]
[BlackElo "2622"]
[Annotator "TA"]
[PlyCount "68"]
[EventDate "2022.12.01"]
[EventType "blitz"]
[EventCountry "HUN"]
[SourceTitle "playchess.com"]
[Source "ChessBase"]
[SourceQuality "1"]
[TimeControl "300+3"]

1. d4 Nf6 2. c4 e6 3. Nf3 d5 4. Nc3 dxc4 5. e4 b5 6. e5 {[%emt 0:00:07] Inhibits a6. D24: Queen's Gambit Accepted: 3 Nf3 Nf6 4 Nc3.} Nd5 7. Nxb5 Nb6 8. Be2 {[%emt 0:00:14] White is slightly better.} Be7 9. O-O Nc6 10. a4 {[%emt 0:00:13] [#] 10.Qd2 is setting a new trend.} Na5 $146 ({Predecessor:} 10... a5 11. Bd2 Ba6 12. Qc2 O-O 13. Bxc4 Bxb5 14. Bxb5 Nxd4 15. Nxd4 Qxd4 16. Rfe1 Nd5 {½-½ (45) Akesson,R (2427)-Sorensen,H (2383) Uppsala 2022}) 11. Be3 Bb7 12. Na3 (12. Qc2 {is more complex.} O-O 13. Nd2 Bb4 14. Ne4) 12... Bd5 13. Rc1 (13. Nd2 $11) 13... Qd7 14. Nd2 Bxa3 15. bxa3 Nxa4 (15... O-O $17) 16. Nxc4 $11 Nxc4 17. Bxc4 Bxc4 18. Rxc4 Nb6 19. Qf3 O-O $36 {[%emt 0:00:09][%mdl 2048] Black fights for an advantage.} 20. Rc6 Nd5 21. Rfc1 Rab8 22. Qd1 Rb6 23. Qc2 Rfb8 24. h3 h6 25. a4 Rb2 26. Qc5 ({White should play} 26. Qe4) 26... Qd8 $17 27. Qxa7 (27. Rxc7 $142 Nxc7 28. Qxc7) 27... Nxe3 (27... Ra8 $19 {has better winning chances.} 28. Qc5 Nxe3 29. fxe3 Qg5) 28. fxe3 Qg5 29. R6c2 Qxe3+ 30. Kh2 (30. Kh1 $17 {only move.}) 30... Qf4+ (30... R2b3 31. Qxc7 Qf4+ 32. Kh1 $15) (30... R8b7 $1 $19 {and Black stays clearly on top. ( -> ...Qf4+)} 31. Qc5 Rxc2 32. Qxc2 Qxd4) 31. g3 {[%emt 0:00:01] [#]} (31. Kh1 $17) 31... Qe3 ({Not} 31... Qxc1 32. Qxb8+ Rxb8 33. Rxc1 $15) (31... Qe4 $1 $19 {is more deadly.} 32. Qc5 R8b3) 32. Qxc7 R8b3 {[%emt 0:00:01] Inhibits d5. Black is more active.} ({Of course not} 32... Qxc1 $6 {[#]} 33. Qxb8+ $1 Rxb8 34. Rxc1 $11) 33. Qd8+ $2 (33. Rg1 $17) 33... Kh7 34. Qh4 Qxc1 {[%emt 0:00:07] Weighted Error Value: White=0.49/Black=0.30} 0-1

[Event "1st Kallai Gabor Memorial Blitz 2022"]
[Site "Budapest"]
[Date "2022.12.01"]
[Round "8.3"]
[White "Gaal, Zsoka"]
[Black "Ruck, Robert"]
[Result "0-1"]
[ECO "D78"]
[WhiteElo "2286"]
[BlackElo "2537"]
[Annotator "TA"]
[PlyCount "74"]
[EventDate "2022.12.01"]
[EventType "blitz"]
[EventCountry "HUN"]
[SourceTitle "playchess.com"]
[Source "ChessBase"]
[SourceQuality "1"]
[TimeControl "300+3"]

1. Nf3 d5 2. g3 g6 3. Bg2 Bg7 4. d4 Nf6 5. O-O O-O 6. c4 c6 7. Qb3 {[%emt 0:00:01] 7.Nc3 is the recent fashion.} a5 8. cxd5 {[%emt 0:00:01] D78: Fianchetto Grünfeld: 6 0-0 c6.} a4 9. Qd1 cxd5 10. Nc3 {[%emt 0:00:04] The position is equal.} Qa5 11. Bd2 Qa6 12. Ne5 Nc6 13. e3 (13. Bxd5 Nxd4 14. Bg2 Rd8 $15) (13. Nxd5 Nxd5 14. Bxd5 Nxd4 $17) 13... e6 {[%emt 0:00:10] [#]} 14. f4 $146 ({Predecessor:} 14. b3 Nxe5 15. dxe5 Nd7 16. f4 axb3 17. axb3 Qxa1 18. Qxa1 Rxa1 19. Rxa1 Nc5 20. Ra3 {1-0 (47) Inarkiev,E (2663)-Triapishko,A (2502) Moscow 2019}) 14... Nd7 15. a3 Ndxe5 16. fxe5 Bd7 17. Na2 f5 18. exf6 Rxf6 19. Rxf6 Bxf6 20. Nb4 Nxb4 21. Bxb4 Bg5 22. Qf3 {[%emt 0:00:26] [#] Threatens to win with Rf1.} Qd3 23. Re1 Qf5 24. Qe2 {[%emt 0:00:06] And now Rf1 would win.} Qf6 25. Rf1 Qg7 26. Qg4 $2 {[%emt 0:00:18][%mdl 8192] Now White is beyond hope.} (26. h4 $14 {stays ahead.} Be7 27. Bxe7 Qxe7 28. Rf2) 26... Bxe3+ $19 27. Kh1 Bxd4 ({But not} 27... Qxd4 28. Qf3 $18) 28. Qg5 h6 29. Qf4 Re8 30. h4 Bc6 (30... Bxb2 $2 {too greedy.} 31. Qg4) 31. h5 g5 (31... gxh5 $2 {perishes.} 32. Bc3 Bxc3 33. bxc3 $19) 32. Qd2 Be5 33. Bh3 $2 (33. Kh2) 33... Bxg3 34. Qd3 d4+ 35. Kg1 Bf4 {[%emt 0:00:01] [#] Hoping for ...Be3+.} 36. Bc5 Be3+ 37. Kh2 Qe5+ {[%emt 0:00:01] Weighted Error Value: White=0.77/Black=0.12 (very precise)} 0-1

[Event "1st Kallai Gabor Memorial Blitz 2022"]
[Site "Budapest"]
[Date "2022.12.01"]
[Round "8.4"]
[White "Troff, Kayden"]
[Black "Berkes, Ferenc"]
[Result "0-1"]
[ECO "D02"]
[WhiteElo "2483"]
[BlackElo "2643"]
[Annotator "TA"]
[PlyCount "128"]
[EventDate "2022.12.01"]
[EventType "blitz"]
[EventCountry "HUN"]
[SourceTitle "playchess.com"]
[Source "ChessBase"]
[SourceQuality "1"]
[TimeControl "300+3"]

1. d4 d5 2. Nf3 c6 3. Bf4 Bf5 4. e3 e6 5. Bd3 Bxd3 6. Qxd3 {[%emt 0:00:04] D02: 1 d4 d5 2 Nf3 sidelines, including 2...Nf6 3 g3 and 2...Nf6 3 Bf4.} Bd6 7. Bg3 Nf6 8. O-O {[%emt 0:00:09] The position is equal.} Ne4 9. c4 Nxg3 10. hxg3 Nd7 {[%emt 0:00:05] [#]} 11. Nc3 $146 ({Predecessor:} 11. cxd5 cxd5 12. Nc3 a6 13. Rac1 Rc8 14. e4 dxe4 15. Nxe4 Be7 16. Qb3 b5 17. d5 exd5 18. Qxd5 {1-0 (42) Novikovas,A-Knafo,M Brno 1998}) 11... O-O 12. e4 dxc4 13. Qxc4 e5 14. Rfd1 Qe7 15. Rd2 (15. d5 {simplifies} Rac8 16. Qe2 Rfd8 17. dxc6 bxc6 18. Rd2) 15... Nb6 16. Qb3 exd4 17. Nxd4 {[%emt 0:00:01] aiming for Nf5.} Be5 (17... Bc7 {is more complex.} 18. Nf5 Qf6 19. f4 Rfd8) 18. a4 Rad8 {[%emt 0:00:04] Inhibits a5.} (18... Qc5 $5 19. Rad1 Nc4 $11) 19. Rad1 $1 Qf6 (19... Bxd4 $11 20. Rxd4 Rxd4 21. Rxd4 Qg5) 20. Nf3 {[%emt 0:00:11] Rxd8 is the strong threat.} (20. Nce2 $5 ) 20... Rxd2 21. Rxd2 Bxc3 22. bxc3 Qe6 {[%emt 0:00:05] Against a5} 23. Qb4 (23. Qxe6 {simplifies} fxe6 24. a5 Nc4 25. Ra2) 23... c5 {[%emt 0:00:58] Prevents a5.} ({Resist} 23... Nc4 24. Rd4 Ne5 25. Qxb7 $16) 24. Qxc5 {[%emt 0:00:02] Threatens to win with a5.} Nxa4 25. Qb4 b5 26. e5 h6 27. Qxb5 Nxc3 28. Qd3 (28. Qb4 $5 Rc8 29. Qb7 $14) 28... Rc8 29. Rc2 Qc4 30. Qxc4 (30. Qf5 {feels hotter.} Rd8 31. Kh2 Qd3 32. g4) 30... Rxc4 $11 {[%emt 0:00:01][%mdl 4096] Endgame KRN-KRN} 31. Kf1 Rc7 32. Nd4 Nb5 33. Rxc7 (33. Nxb5 $2 {is the wrong capture.} Rxc2 34. Nxa7 Rc7 $19) 33... Nxc7 {[%emt 0:00:01] KN-KN} 34. Ke2 Kf8 35. Kd3 Ke8 36. Nf5 Ne6 37. Kc4 Kd7 38. f4 h5 39. Nd6 f6 40. Kd5 Nc7+ 41. Ke4 fxe5 42. fxe5 a5 43. Nc4 Ke6 44. Nxa5 {[%emt 0:00:02] next Nb3 is good for White.} Nd5 45. Nc6 {[%emt 0:00:07] White wants to mate with Nd4+.} Nc3+ 46. Kf4 Ne2+ 47. Kf3 Nc3 48. Kf4 Ne2+ 49. Kf3 Nc3 50. Ke3 Kd5 51. Kd3 $2 {[%emt 0:00:07][%mdl 8192] [#]} (51. Ne7+ $11 Kxe5 52. Kf3) 51... Kxc6 52. Kxc3 {K3P-KPP} Kd5 53. Kd3 Kxe5 {KPP-KPP} 54. Ke3 {[%emt 0:00:06] [#]} Kf5 $1 55. Kf3 Kg5 {[%emt 0:00:01] ( -> ...g6)} (55... g6 $5 56. g4+ $8 hxg4+ 57. Ke3 g5 $11) 56. Ke3 $2 (56. Kf2 $11 Kg4 57. Kg1 Kxg3 58. Kh1 g6 59. Kg1 g5 60. Kh1 Kf2 61. Kh2 g4 62. Kh1 h4 63. Kh2 h3 64. g3 Kf3 65. Kg1 Kxg3 66. Kf1 Kf3 67. Ke1 g3 68. Kd1 h2 69. Kd2 g2 70. Kd3 g1=Q 71. Kc3 Qc5+ 72. Kb2 h1=Q 73. Ka2 Qh2+ 74. Kb3 Qhc2#) 56... Kg4 {[%emt 0:00:02] Black mates.} 57. Kf2 g6 58. Kf1 Kxg3 {[%emt 0:00:02] KPP-KP} 59. Kg1 g5 60. Kh1 Kf2 61. Kh2 g4 62. Kh1 h4 63. Kh2 h3 64. g3 Kf3 {[%emt 0:00:01] Weighted Error Value: White=0.31/Black=0.04 (flawless)} 0-1

[Event "1st Kallai Gabor Memorial Blitz 2022"]
[Site "Budapest"]
[Date "2022.12.01"]
[Round "8.5"]
[White "Horvath, Csaba"]
[Black "Borhy, Marcell"]
[Result "0-1"]
[ECO "B23"]
[WhiteElo "2502"]
[BlackElo "2407"]
[Annotator "TA"]
[PlyCount "88"]
[EventDate "2022.12.01"]
[EventType "blitz"]
[EventCountry "HUN"]
[SourceTitle "playchess.com"]
[Source "ChessBase"]
[SourceQuality "1"]
[TimeControl "300+3"]

1. e4 c5 2. Nc3 a6 3. g3 b5 4. Bg2 Bb7 5. d3 e6 6. Nh3 Nf6 {[%emt 0:00:05] B23: Closed Sicilian: Lines without g3.} 7. O-O Qc7 8. f4 {[%emt 0:00:11] [#]} b4 $146 {[%emt 0:00:05] Prevents e5. The position is equal.} ({Predecessor:} 8... Be7 9. e5 Bxg2 10. Kxg2 Qc6+ 11. Kg1 Nd5 12. Ne4 f5 13. exf6 Nxf6 14. Qf3 O-O {1-0 (44) Andreikin,D (2688)-Tukhaev,A (2537) Moscow 2012}) 9. Ne2 d5 (9... Be7 $11) 10. f5 (10. e5 $1 $16 Ng4 11. a3) 10... exf5 11. exd5 Nxd5 12. Rxf5 Qd7 (12... Ne7 $11 13. Bxb7 (13. Bf4 Qc8 $16) 13... Qxb7) 13. Qf1 $1 $16 (13. Re5+ $6 Be7 $11) 13... f6 14. Be4 {Hoping for Qf3.} g6 {[%emt 0:00:37] [#]} (14... Ne7 $1 $14) 15. Rxd5 $1 $18 Bxd5 16. Bxd5 (16. Qf3 $6 Bc6 $11) ({White has to play} 16. Qxf6 $16 Bg7 17. Qf3) 16... Qxd5 $14 17. Qxf6 Rg8 18. Nhf4 {[%emt 0:01:01][%mdl 1024] White has compensation.} (18. Nef4 {feels hotter.} Qc6 19. Qe5+ Kd7 20. Nd5) 18... Qd6 19. Qh4 (19. Ne6 $5 Be7 20. Ng7+ Kd7 21. Qf3 $15 (21. Qf7 $2 Nc6 $19)) 19... Rg7 20. Bd2 (20. c4 $1 $11) 20... Nc6 {[%emt 0:00:03][%cal Bb8c6,Bc6e5,Be5f3][%mdl 32] And now ...Ne5 would win.} 21. Re1 (21. c4 $17 {keeps fighting.}) 21... Be7 (21... Ne5 $19 {and Black stays clearly on top. White must now prevent ...Nf3+.} 22. Nc1 Be7) 22. Qh6 (22. Qh3 $17 {was the only chance.} Ne5 23. Rf1) 22... Rf7 $19 {[%emt 0:00:01] aiming for ...Ne5.} 23. Qh3 g5 24. Ne6 (24. Qh5 $142) 24... Ne5 $1 25. Rf1 g4 26. Qh6 Nf3+ 27. Rxf3 gxf3 {[%emt 0:00:03] Dancing on a razor blade.} 28. N2f4 {[%emt 0:00:02] [#]} Kd7 (28... Rc8 $1 $19 {...Qe5 is the strong threat.} 29. Qh5 Qd7 30. Ng7+ Kf8 31. Nge6+ Kg8) 29. Qh3 $15 {[%emt 0:00:03] Threatens to win with Ng5+.} Kc6 30. Qh5 Rxf4 31. Nxf4 Qd4+ (31... Rd8 $1 $11 {remains equal.}) 32. Kf1 $16 Rc8 $2 (32... Rb8 $16) 33. Qxf3+ $18 Kb5 34. c4+ (34. Qb7+ $142 Ka5 35. Qxc8) 34... Ka5 35. Qb7 $1 Qd8 36. a3 (36. Nd5 $142 {White wants to mate with b3.} Rb8 37. Qxe7 Qxe7 38. Nxe7) 36... Qc7 $2 {[%emt 0:00:05] Prevents b3.} (36... Ka4 {is a better defense.} 37. axb4 (37. Qxa6+ Kb3 $16) 37... cxb4) 37. Qd5 (37. axb4+ cxb4 38. Qe4 Bd6 $18) (37. Qe4 $142 Bd6 38. Nd5 Qf7+ 39. Kg1) 37... Ka4 38. axb4 $2 ({White should try} 38. Qh5 $18 Rf8 39. Kg1 (39. Qxh7 Qb7 $11) 39... Rxf4 40. axb4 (40. Bxf4 Bd6 $18) (40. gxf4 Kb3 $16) 40... cxb4 41. Qd1+ (41. Bxf4 Qc5+ 42. Qxc5 Bxc5+ 43. Kf1 Bd4 $14) (41. gxf4 Bc5+ 42. Kf1 Qc6 $16) 41... Ka5 42. Bxf4 (42. gxf4 Bc5+ 43. Kf1 Qg7 $11) 42... Qc5+ 43. Kf1) 38... cxb4 $2 {[%emt 0:00:01][%mdl 8192] [#]} (38... Qc6 $14) 39. Qe6 $2 ({Only move:} 39. b3+ $1 $18 Kxb3 40. c5+ Ka3 41. Bc1+ Ka4 42. Ne6) 39... Bd6 $2 (39... Bc5 $1 $14) 40. Nd5 $2 (40. b3+ $1 $18 Ka3 41. Bc1+ Kxb3 42. Qe2) 40... Qc5 $2 (40... Rf8+ $16 41. Kg2 Qf7) 41. Be3 (41. Bxb4 Rf8+ 42. Kg2 Rf2+ 43. Kh3 Rxh2+ 44. Kxh2 Qf2+ 45. Kh1 Qf1+ 46. Kh2 Qf2+ 47. Kh1 Qf1+ 48. Kh2 Qf2+ $11) 41... Rf8+ 42. Ke2 Qc6 43. Qe4 $2 ({White must play} 43. c5 $18 {Nc3+ would kill now.} Rb8 44. cxd6 Qc2+ 45. Bd2) 43... Kb3 {[%mdl 8192] Inhibits Nc3.} (43... Qe8 $11 44. Nf6 (44. Qxh7 Rh8 $17) 44... Qxe4 45. Nxe4 Be7) 44. Bd4 $4 (44. Qxh7 Qe8 45. c5 (45. Kd2 $2 Rh8 $19) 45... Rh8 $17) (44. c5 $18 Qb5 45. cxd6) 44... Re8 {[%emt 0:00:03] What a fight!   Weighted Error Value: White=0.99/Black=0.54} 0-1